 Dungeon Crawl Stone Soup version 0.23.0 (webtiles) character file.

Game seed: 9954054596417859963

1021 Faca the Skirmisher (level 8, -6/111 HPs)
             Began as a Black Draconian Berserker on Feb 17, 2019.
             Was a Priest of Trog.
             Mangled by Menkaure (23 damage)
             ... on level 4 of the Dungeon.
             The game lasted 00:07:14 (3451 turns).

Faca the Skirmisher (Black Draconian Berserker)     Turns: 3451, Time: 00:07:15

Health: -6/111     AC:  7    Str: 24    XL:     8   Next: 2%
Magic:  8/8        EV: 13    Int:  7    God:    Trog [***...]
Gold:   219        SH:  0    Dex: 14    Spells: 7/7 levels left

rFire    . . .     SeeInvis .   n - +0 long sword
rCold    . . .     Gourm    .   (no shield)
rNeg     . . .     Faith    .   (armour unavailable)
rPois    .         Spirit   .   (helmet restricted)
rElec    +         Reflect  .   (no cloak)
rCorr    .         Harm     .   s - +0 pair of gloves
MR       ++...                  (no boots)
Stlth    ..........             (no amulet)
HPRegen  1.28/turn              (no ring)
MPRegen  0.11/turn              (no ring)

@: berserking, regenerating, very quick
A: breathe lightning, unfitting armour, electricity resistance, cold-blooded, AC
+6
a: Breathe Lightning, Berserk, Trog's Hand, Renounce Religion


You were on level 4 of the Dungeon.
You worshipped Trog.
Trog was most pleased with you.
You were near starving.

You visited 1 branch of the dungeon, and saw 5 of its levels.

You collected 219 gold pieces.

Inventory:

Hand Weapons
 n - a +0 long sword (weapon)
Armour
 s - a +0 pair of gloves (worn)
Wands
 a - a wand of polymorph (4)
Scrolls
 d - 9 scrolls of identify {unknown}
 f - 5 scrolls of remove curse {unknown}
 g - 5 scrolls of teleportation {unknown}
 i - a scroll of fear {unknown}
 l - 2 scrolls of blinking {unknown}
 p - a scroll of enchant armour {unknown}
 q - a scroll of enchant weapon {unknown}
 t - a scroll of amnesia {unknown}
Potions
 c - 3 potions of might {unknown}
 e - a potion of flight {unknown}
 h - 4 potions of magic {unknown}
 j - 3 potions of heal wounds {unknown}
 k - 2 potions of lignification {unknown}
 m - a potion of haste {unknown}
 o - a potion of degeneration {unknown}
 r - 3 potions of curing {unknown}
 u - a potion of resistance {unknown}
Comestibles
 b - 8 rations


   Skills:
 + Level 7.9 Fighting
 + Level 7.2 Long Blades
 - Level 2.6 Dodging


You had 7 spell levels left.
You didn't know any spells.
Your spell library was empty.

Dungeon Overview and Level Annotations

Branches:
Dungeon (5/15)
 Temple: D:4-7

Altars:
Cheibriados
Nemelex Xobeh
Ru
Sif Muna
Zin

Annotations:
D:4 Menkaure
D:5 Edmund, Ijyb


Innate Abilities, Weirdness & Mutations

You can breathe wild blasts of lightning.
Your glossy black scales are hard. (AC +6)
You cannot fit into any form of body armour.
You are resistant to electric shocks. (rElec)
You are cold-blooded and may be slowed by cold attacks.


Message History

* * * LOW HITPOINT WARNING * * *
Menkaure shouts, "You disturbed my rest!
Die!"
Menkaure shouts, "You disturbed my rest!
Die!"
You hit Menkaure.
You tail-slap Menkaure, but do no damage.
Menkaure is moderately damaged.
Menkaure's bandages flutter.
Menkaure misses you.
You barely miss Menkaure.
You tail-slap Menkaure, but do no damage.
Menkaure is moderately damaged.
You have got your breath back.
Menkaure barely misses you.
You riposte.
You hit Menkaure but do no damage.
Your tail-slap misses Menkaure.
Menkaure is moderately damaged.
A red film seems to cover your vision as you go berserk!
You feel yourself moving faster!
You feel mighty!
You are near starving!
Menkaure hits you!!
You die...

.###.#.##.###.....##.##.)#......#
.#...#............##..##.....##..
.#.............>....#.#####..####
....##.##.........#....# #....##
..##...##.........##.<.## #..#.##
.....#............####..# ##.....
.................## #..######.#.
#####'''########M# #....# #.#.
#####...########@# ####.## #...
§§§##...#.°.○○##.# #..#####.
°○○§#.#.#☼§°..###### #....)...
°○○.#...#§§.☼.##...# #.######.
§§○.#...#○☼○☼.####.## #...# ##
.☼§##...#§§§☼§## #..## ###.## #
#####...######## ##..######..# #
......_.......# ##.....###.#
#####...#############.....##.#


You could see Menkaure.

Vanquished Creatures
  Pikel (D:4)
  An ogre (D:4)
  A scorpion (D:4)
  A howler monkey (D:4)
  3 hounds
  A jelly (D:4)
  2 orc priests (D:4)
  Terence (D:2)
  An orc wizard (D:4)
  A worker ant (D:3)
  A killer bee zombie (D:4)
  3 adders
  An ooze (D:4)
  3 worms
  4 dart slugs
  3 leopard geckos
  5 orcs (D:3)
  10 bats
  2 giant cockroaches
  11 goblins
  7 hobgoblins
  2 jackals (D:3)
  7 kobolds
  3 quokkas
  A ball python (D:3)
  6 frilled lizards
  12 rats
94 creatures vanquished.

Vanquished Creatures (others)
  A slave (D:4)
  An orc priest (D:4)
  A centaur skeleton (D:4)
  An orc (D:4)
  A giant cockroach (D:4)
  A frilled lizard (D:4)
6 creatures vanquished.

Grand Total: 100 creatures vanquished

Notes
Turn   | Place    | Note
-------+----------+-------------------------------------------
     0 | D:1      | Faca the Draconian Berserker began the quest for the Orb.
     0 | D:1      | Reached XP level 1. HP: 19/19 MP: 1/1
   117 | D:1      | Reached XP level 2. HP: 26/26 MP: 2/2
   427 | D:1      | Reached ** piety under Trog
   773 | D:1      | Reached XP level 3. HP: 33/33 MP: 3/3
   896 | D:2      | Noticed Terence
   910 | D:2      | Killed Terence
  1202 | D:2      | Reached XP level 4. HP: 40/41 MP: 4/4
  1363 | D:2      | Found a glowing silver altar of Zin.
  1601 | D:2      | Found a deep blue altar of Sif Muna.
  2092 | D:3      | Found a snail-covered altar of Cheibriados.
  2092 | D:3      | Found a sacrificial altar of Ru.
  2168 | D:3      | Reached skill level 5 in Fighting
  2242 | D:3      | Reached XP level 5. HP: 45/48 MP: 5/5
  2550 | D:3      | Reached *** piety under Trog
  2640 | D:4      | Noticed an ogre
  2651 | D:4      | Killed an ogre
  2651 | D:4      | Reached skill level 5 in Long Blades
  2721 | D:4      | Noticed a slave
  2721 | D:4      | Noticed a slave
  2721 | D:4      | Noticed Pikel
  2725 | D:4      | Noticed a slave
  2729 | D:4      | Noticed a slave
  2745 | D:4      | Killed Pikel
  2745 | D:4      | Reached XP level 6. HP: 60/60 MP: 6/6
  2745 | D:4      | Your scales start taking on a glossy black colour.
  2745 | D:4      | Reached XP level 7. HP: 66/66 MP: 7/7
  2745 | D:4      | Gained mutation: You are resistant to electric shocks.
                  | (rElec) [Black Draconian growth]
  3364 | D:4      | Found a sparkling altar of Nemelex Xobeh.
  3414 | D:5      | Entered Level 5 of the Dungeon
  3426 | D:5      | Noticed Menkaure
  3427 | D:5      | Noticed Edmund
  3431 | D:5      | Reached XP level 8. HP: 72/74 MP: 8/8
  3437 | D:5      | Noticed Ijyb
  3442 | D:4      | HP: 3/74 [Menkaure (18)]
  3451 | D:4      | Mangled by Menkaure

Skill      XL: |  1  2  3  4  5  6  7 |
---------------+----------------------+-----
Fighting       | 4 5 7 |  7.9
Long Blades    | 4 6 7 |  7.2
Dodging        | |  2.6

Action                   |  1- 3 |  4- 6 |  7- 9 || total
-------------------------+-------+-------+-------++-------
Melee: Falchion          |    81 |    68 |       ||   149
       Tailslap          |    11 |    28 |    12 ||    51
       Unarmed           |       |    14 |       ||    14
       Long sword        |       |    47 |    52 ||    99
Invok: Berserk           |     1 |     2 |     1 ||     4
       Trog's Hand       |       |       |     1 ||     1
 Abil: Breathe Lightning |       |       |     3 ||     3
 Stab: Sleeping          |       |     2 |       ||     2
  Eat: Chunk             |     2 |     6 |     3 ||    11
Armor: Skin              |    24 |    34 |    22 ||    80
Dodge: Dodged            |    45 |   110 |    32 ||   187
       Rpst.: Falchion   |    17 |    24 |       ||    41
       Long sword        |       |    12 |    13 ||    25
